 Dungeon Crawl Stone Soup version 0.17-a0-1798-g879a7aa (webtiles) character file.

522 ololoev the Conjurer (level 7, 50/50 HPs)
             Began as a Mottled Draconian Conjurer on Sept 10, 2015.
             Was a Follower of Vehumet.
             Quit the game in an ossuary.
             The game lasted 00:13:52 (4286 turns).

ololoev the Conjurer (Mottled Draconian Conjurer)   Turns: 4286, Time: 00:13:53

Health: 50/50      AC:  8    Str: 11    XL:     7   Next: 1%
Magic:  6/12       EV: 12    Int: 23    God:    Vehumet [*.....]
Gold:   148        SH:  0    Dex: 11    Spells: 3 memorised, 5 levels left

rFire  . . .     SeeInvis .     o - +2 dagger (drain)
rCold  . . .     Clarity  +     (armour unavailable)
rNeg   . . .     SustAt   .     (no shield)
rPois  .         Gourm    .     (helmet restricted)
rElec  .         Spirit   .     t - +1 cloak
rCorr  .         Warding  .     (no gloves)
rMut   .         Stasis   .     (no boots)
MR     .....                    r - amulet of clarity
Stlth  ++........               h - ring of wizardry
                                u - +6 ring of intelligence

@: not resistant to hostile enchantments, unstealthy
A: breathe sticky flame splash, unfitting armour, cold-blooded, AC +6
a: Breathe Sticky Flame, Renounce Religion


Innate Abilities, Weirdness & Mutations

You can spit globs of burning liquid.
You can ignite nearby creatures when you spit burning liquid.
Your weird mottled scales are hard (AC +6).
Your body does not fit into most forms of armour.
You are cold-blooded and may be slowed by cold attacks.

Inventory:

Hand weapons
 o - a +2 dagger of draining (weapon)
Armour
 t - a +1 cloak (worn)
Jewellery
 h - a ring of wizardry (right hand)
 q - an uncursed ring of fire
 r - an amulet of clarity (around neck)
 u - a +6 ring of intelligence (left hand)
Scrolls
 g - 3 scrolls of remove curse
 i - a scroll of enchant armour
 s - a scroll of magic mapping
 w - a scroll of teleportation {unknown}
 y - a scroll of fear {unknown}
Potions
 d - a potion of heal wounds {unknown}
 j - a potion of might
 v - a potion of invisibility {unknown}
Books
 a - a book of Conjurations

   Spells                             Type                      Level
   a - Magic Dart                     Conjuration                  1
   b - Searing Ray                    Conjuration                  2
   c - Dazzling Spray                 Conjuration/Hexes            3
   d - Fulminant Prism                Conjuration/Hexes            4
   e - Iskenderun's Mystic Blast      Conjuration                  4
   f - Iskenderun's Battlesphere      Conjuration/Charms           5
Comestibles
 b - 5 bread rations
 f - 2 meat rations
 l - 4 fruits
 n - a slice of pizza
 p - a beef jerky


   Skills:
 - Level 1.7 Dodging
 - Level 1.7 Stealth
 + Level 3.5 Spellcasting
 * Level 6.8 Conjurations
 * Level 3.0 Charms


You had 5 spell levels left. You knew the following spells: Your Spells Type Power Failure Level Hunger a - Magic Dart Conj #### 1% 1 None b - Searing Ray Conj #####. 1% 2 #...... c - Iskenderun's Battles Conj/Chrm ####.... 21% 5 ######. You were in an ossuary. You worshipped Vehumet. Vehumet was aware of your devotion. You were not hungry. You visited 1 branch of the dungeon, and saw 4 of its levels. You also visited: Ossuary. You collected 148 gold pieces. ............... ............ #........# #......# ##....## #....# #....# #....# #@...# #....# #....# #....# #.∩∩.# ######

Notes
Turn   | Place    | Note
--------------------------------------------------------------
     0 | D:1      | ololoev the Draconian Conjurer began the quest for the Orb.
     0 | D:1      | Reached XP level 1. HP: 14/14 MP: 3/3
   314 | D:1      | Reached XP level 2. HP: 17/20 MP: 1/5
   318 | D:1      | Learned a level 2 spell: Searing Ray
  1279 | D:2      | Reached XP level 3. HP: 26/26 MP: 1/6
  1442 | D:2      | Noticed Jessica
  1452 | D:2      | Killed Jessica
  1452 | D:2      | Reached skill level 5 in Conjurations
  1573 | D:2      | Found a shadowy altar of Dithmenos.
  1631 | D:2      | Reached XP level 4. HP: 33/33 MP: 3/7
  2697 | D:2      | Reached XP level 5. HP: 38/38 MP: 9/9
  2882 | D:3      | Learned a level 5 spell: Iskenderun's Battlesphere
  2885 | D:3      | Found a radiant altar of Vehumet.
  2903 | D:3      | Became a worshipper of Vehumet
  3366 | D:3      | Reached skill level 6 in Conjurations
  3407 | D:3      | Reached skill level 1 in Charms
  3924 | D:4      | Found a sand-covered staircase.
  3937 | Ossuary  | Entered an ossuary
  3945 | Ossuary  | Acquired Vehumet's first power
  3945 | Ossuary  | Offered knowledge of Sting by Vehumet.
  3953 | Ossuary  | Noticed Fabryz's ghost (average TrBe)
  3997 | Ossuary  | Killed Fabryz's ghost
  3997 | Ossuary  | Reached XP level 6. HP: 17/45 MP: 2/11
  4285 | Ossuary  | Your scales start taking on a weird mottled colour.
  4285 | Ossuary  | Reached XP level 7. HP: 50/50 MP: 7/12
  4286 | Ossuary  | Quit the game

Dungeon Overview and Level Annotations

Branches:
Dungeon (4/15)
 Temple: D:4-7

Altars:
Dithmenos
Vehumet


Message History

You destroy the mummy!
Vehumet accepts your kill.
You start resting.
A mummy comes into view.
A mummy is nearby!
You hear a distant blaring wail to the northwest.
You start resting.
Magic restored.
A mummy comes into view.
Casting: Searing Ray
Confirm with . or Enter, or press ? or * to list all spells.
Aiming: Magic Dart
Press: ? - help, Shift-Dir - straight line, f - mummy
Aim: a mummy (hasn't noticed you)
The magic dart hits the mummy.
The mummy is lightly damaged.
You start resting.
Magic restored.
Casting: Magic Dart
Confirm with . or Enter, or press ? or * to list all spells.
Aiming: Searing Ray
Press: ? - help, Shift-Dir - straight line, f/p - mummy
Aim: a mummy (lightly damaged)
The searing ray hits the mummy.
The mummy is lightly damaged.
The searing ray hits the mummy.
The mummy is moderately damaged.
The searing ray hits the mummy.
The mummy is severely damaged.
The searing ray hits the mummy.
You destroy the mummy!
Vehumet accepts your kill.
Your Charms skill increases to level 3!
You have reached level 7!
Your scales start taking on a weird mottled colour.
Unknown command.
Unknown command.
Put on which piece of jewellery? (? for menu, Esc to quit)
Okay, then.
Are you sure you want to abandon this character and quit the game? (Confirm with "yes".)

There were no monsters in sight!

Vanquished Creatures
  The ghost of Fabryz the Ducker, an average TrBe of Trog (Ossuary)
  Jessica (D:2)
  6 mummies (Ossuary)
  10 adders
  4 worms
  4 giant geckos
  3 ball pythons
  10 bats
  6 giant cockroaches
  8 goblins
  11 hobgoblins
  2 quokkas (D:2)
  3 giant newts
  2 hobgoblin zombies (Ossuary)
  6 kobolds
  3 kobold zombies (Ossuary)
  2 orc zombies (Ossuary)
  9 rats
91 creatures vanquished.

Action                   |  1- 3 |  4- 6 |  7- 9 || total
-------------------------+-------+-------+-------++-------
Melee: Whip              |    33 |     7 |       ||    40
       Dagger            |       |    52 |       ||    52
 Cast: Magic Dart        |    33 |    46 |       ||    79
       Searing Ray       |     5 |    19 |       ||    24
       Iskenderun's Batt |       |     1 |       ||     1
  Use: Scroll            |       |     7 |       ||     7
       Potion            |       |     2 |       ||     2
 Stab: Sleeping          |       |     1 |       ||     1
  Eat: Chunk             |     3 |     9 |       ||    12

Vault maps used:
D:1:      dpeg_arrival_simpleton_c
D:2:      nicolae_dithmenos_shadow_blocks, uniq_jessica
D:3:      vehumet_altar_wand_db
D:4:      kennysheep_mini, old_standard_altar, lemuel_temple_firewalk,
          enter_ossuary_1
Ossuary:  ossuary_tomb_3
